 Dungeon Crawl Stone Soup version 0.27.1 (webtiles) character file.

Game seed: 12708376381990612736

34 pkoi the Ruffian (level 3, -2/31 HPs)
             Began as a Minotaur Monk on Aug 23, 2021.
             Was an Initiate of Ashenzari.
             Slain by Sigmund (12 damage)
             ... on level 2 of the Dungeon.
             The game lasted 00:01:09 (1015 turns).

pkoi the Ruffian (Minotaur Monk)                    Turns: 1015, Time: 00:01:09

Health: -2/31      AC:  3    Str: 16    XL:     3   Next: 14%
Magic:  2/2        EV: 12    Int:  7    God:    Ashenzari [......]
Gold:   22         SH:  0    Dex: 12    Spells: 2/2 levels left

rFire    . . .     SeeInvis .     - Unarmed
rCold    . . .     Faith    .   (no shield)
rNeg     . . .     Spirit   .   a - +0 robe of Ashenzari's Limitation {Melee, Alch} (curse)
rPois    .         Reflect  .   (helmet restricted)
rElec    .         Harm     .   (no cloak)
rCorr    .         Rampage  .   (no gloves)
Will     .....                  b - +0 pair of boots
Stlth    +.........             (no amulet)
HPRegen  0.10/turn              (no ring)
MPRegen  0.08/turn              (no ring)

@: confused
A: horns 2, retaliatory headbutt
a: Renounce Religion, Shatter the Chains


You were on level 2 of the Dungeon.
You worshipped Ashenzari.
Ashenzari was noncommittal.
You visited 1 branch of the dungeon, and saw 2 of its levels.

You collected 22 gold pieces.

Inventory:

Armour
 a - the cursed +0 robe of Ashenzari's Limitation (worn) {Melee, Alch}

   It has a curse which improves the following skills: Melee Combat: Short
   Blades, Long Blades, Axes, Maces & Flails, Polearms, Staves and Unarmed
   Combat.
   Alchemy:   Poison Magic and Transmutations.
 b - a +0 pair of boots (worn)
Potions
 c - a potion of haste


   Skills:
 - Level 3.6 Fighting
 - Level 3.2 Dodging
 - Level 1.5 Stealth
 + Level 4.7(5.2) Unarmed Combat


You had 2 spell levels left.
You didn't know any spells.
Your spell library contained the following spells:

 Spells                   Type           Power      Damage    Failure   Level
 Slow                     Hex            0%         N/A       56%         2
 Confusing Touch          Hex            0%         N/A       80%         3
 Yara's Violent Unravell  Hex/Tmut       0%         3d3       100%        5


Dungeon Overview and Level Annotations

Branches:
Dungeon (2/15)

Altars:
Ashenzari

Shops:
D:1 *

Annotations:
D:2 Sigmund


Innate Abilities, Weirdness & Mutations

You have a pair of horns on your head.
You reflexively headbutt those who attack you in melee.


Message History

No target in view!
No target in view!
No target in view!
No target in view!
No target in view!
No target in view!
No target in view!
No target in view!
No target in view!
Sigmund the Dreaded comes into view.
He is wielding a +0 scythe.
Sigmund shouts!
You punch the goblin!
You kill the goblin!
The ball python hisses angrily.
Things that are here:
a +0 dagger; a goblin corpse Sigmund closely misses you.
The ball python bites you. The ball python barely misses you.
You punch Sigmund!
Sigmund is moderately wounded.
The ball python bites you. The ball python closely misses you.
Sigmund barely misses you.
You hit Sigmund. You headbutt Sigmund, but do no damage.
Sigmund is heavily wounded.
The ball python barely misses you. x2
You hit Sigmund. You headbutt Sigmund!
Sigmund is almost dead.
The ball python barely misses you. You furiously retaliate!
You headbutt the ball python. The ball python closely misses you.
Sigmund points at you and mumbles some strange words.
You are confused.
Sigmund hits you from afar with a +0 scythe!
The ball python misses you. The ball python barely misses you.
Things that are here:
a +0 dagger; a goblin corpse The ball python closely misses you.
The ball python barely misses you.
You closely miss Sigmund.
Sigmund is almost dead.
Sigmund hits you with a +0 scythe!
You die...

.#.....)...#
###......# #
............###
######## #
...####.......# ##
.. ####.......# #.
. #....).....# #.
....####..#..### #.
..# #.##....# #. :
#)##....##########.
#S@.............##.
#@......#####..##..
#...##### ##.###.#
#..## ###..# #.#
#...######...####.#
..........<###....#
#..######..##....##
...#######.......#
(.......##.#..†..#


You could see Sigmund and a ball python.

Vanquished Creatures
  4 dart slugs
  3 ball pythons
  2 bats
  3 endoplasms
  3 goblins
  3 hobgoblins (D:1)
  4 kobolds
  3 rats (D:1)
25 creatures vanquished.

Notes
Turn   | Place    | Note
-------+----------+-------------------------------------------
     0 | D:1      | pkoi the Minotaur Monk began the quest for the Orb.
     0 | D:1      | Reached XP level 1. HP: 19/19 MP: 0/0
   315 | D:1      | Reached XP level 2. HP: 14/26 MP: 1/1
   323 | D:1      | Reached skill level 4 in Unarmed Combat
   562 | D:1      | Found Duteadim's Assorted Antiques.
   614 | D:1      | Found a faded altar of an unknown god.
   655 | D:1      | Became a worshipper of Ashenzari the Shackled
   980 | D:2      | Reached XP level 3. HP: 24/31 MP: 2/2
  1005 | D:2      | Noticed Sigmund
  1015 | D:2      | Slain by Sigmund

Illustrated notes

Levels and vault maps discovered:
D:1:      scummos_arrival_gate, layout_rooms,
          ebering_ecumenical_altar_abandoned, serial_shops, nicolae_square_shop,
          minmay_statues_item
D:2:      layout_rooms, uniq_sigmund

Skill      XL: |  1  2 |
---------------+-------+-----
Unarmed Combat | 4 |  4.7
Fighting       | |  3.6
Dodging        | |  3.2
Stealth        | |  1.5

Action                   || total
-------------------------++-------
Melee: Unarmed           ||    61
       Headbutt          ||     7
Invok: Curse Item        ||     1
 Stab: Sleeping          ||     1
Armor: Robe              ||    14
Dodge: Dodged            ||    45
